 Dungeon Crawl Stone Soup version 0.30-a0-1164-ge08a67761e (webtiles) character file.

Game seed: 9268224199388898723

127 Arzdou the Magician (level 5, -4/38 HPs)
             Began as a Djinni Earth Elementalist on Apr 29, 2023.
             Slain by Eustachio
             ... wielding a +0 rapier
              (8 damage)
             ... on level 4 of the Dungeon.
             The game lasted 00:07:28 (2564 turns).

Arzdou the Magician (Djinni Earth Elementalist)     Turns: 2564, Time: 00:07:28

Health: -4/38      AC:  2    Str:  7    XL:     5   Next: 33%
Gold:   150        EV: 13    Int: 18    God:
                   SH:  0    Dex: 20

rFire   + + .        e - +0 dagger (speed)
rCold   x . .        (no shield)
rNeg    . . .        a - +0 robe
rPois   ∞            (no helmet)
rElec   .            (no cloak)
rCorr   .            (no gloves)
SInv    .            (boots unavailable)
Will    .....        (no amulet)
Stlth   ++           b - +6 ring of dexterity
HPRegen 0.26/turn    (no ring)
MPRegen 0.00/turn

%: infuse magic (-5 HP)
@: attractive, flying, very slightly contaminated
A: sickness immunity, fire resistance 2, cold vulnerability 1, float, innate
caster, HP casting, extra vitality 1
a: no special abilities


You were on level 4 of the Dungeon.
You visited 1 branch of the dungeon, and saw 4 of its levels.

You collected 150 gold pieces.

Inventory:

Hand Weapons
 e - a +0 dagger of speed (weapon)
Armour
 a - a +0 robe (worn)
Jewellery
 b - a +6 ring of dexterity (left hand)
Scrolls
 c - a scroll of vulnerability {unknown}
 h - 2 scrolls of identify {unknown}
 l - a scroll of magic mapping {unknown}
 p - a scroll of fear {unknown}
 r - a scroll of silence {unknown}
Potions
 d - a potion of flight {unknown}
 f - a potion of curing {unknown}
 g - a potion of attraction
 i - a potion of haste {unknown}
 j - a potion of heal wounds {unknown}
 k - a potion of invisibility {unknown}
 m - a potion of ambrosia {unknown}
 n - a potion of berserk rage {unknown}
 o - a potion of mutation {unknown}
 q - a potion of brilliance {unknown}


   Skills:
 + Level 1.7 Fighting
 + Level 3.1 Dodging
 + Level 2.4 Stealth
 * Level 3.3 Spellcasting


You knew the following spells:

 Your Spells              Type           Power      Damage    Failure   Level
a - Sandblast             Erth           30%        2d9       4%          1
b - Passwall              Tmut/Erth      12%        N/A       6%          2
c - Stone Arrow           Conj/Erth      30%        3d8       12%         3
d - Petrify               Tmut/Erth      15%        N/A       36%         4
e - Freeze                Ice            60%        1d7       4%          1
f - Searing Ray           Conj           30%        2d5       6%          2
Your spell library was empty.

Dungeon Overview and Level Annotations

Branches:
Dungeon (4/15)
 Temple: D:4-7

Altars:

Annotations:
D:4 Eustachio


Innate Abilities, Weirdness & Mutations

You are immune to sickness and miasma.
You are immune to poison.
Your flesh is very heat resistant. (rF++)
You are vulnerable to cold. (rC-)
You float through the air rather than walking.
You learn spells naturally, not from books.
Your magical power is your life essence.
You have superior vitality. (+4 MHP)


Message History

Confirm with . or Enter, or press ? or * to list all spells.
Aiming: Stone Arrow (dangerous; 12% risk of failure)
Press: ? - help, Shift-Dir - straight line, f/p - Eustachio
Aim: Eustachio, wielding a +0 rapier and wearing a +0 leather armour (heavily wounded, 56% to hit)
The stone arrow misses Eustachio.
The quasit bites you. The quasit barely misses you.
The quasit closely misses you. Eustachio hits you with a +0 rapier.
* * * LOW HITPOINT WARNING * * *
Okay, then.
It was a potion of attraction.
You feel attractive to monsters. The quasit bites you.
* * * LOW HITPOINT WARNING * * *
The quasit claws you.
* * * LOW HITPOINT WARNING * * *
The quasit claws you but does no damage.
Eustachio closely misses you. The quasit completely misses you.
The quasit barely misses you. The quasit closely misses you.
The crimson imp blinks!
The crimson imp is attracted toward you.
Okay, then.
Casting: Stone Arrow (dangerous; 12% risk of failure)
Confirm with . or Enter, or press ? or * to list all spells.
You don't know that spell.
Casting: Stone Arrow (dangerous; 12% risk of failure)
Confirm with . or Enter, or press ? or * to list all spells.
Okay, then.
Casting: Stone Arrow (dangerous; 12% risk of failure)
Confirm with . or Enter, or press ? or * to list all spells.
Aiming: Searing Ray (safe; 6% risk of failure)
Press: ? - help, Shift-Dir - straight line, f/p - Eustachio
Aim: Eustachio, wielding a +0 rapier and wearing a +0 leather armour (heavily wounded, 67% to hit)
The searing ray hits Eustachio.
Eustachio is heavily wounded.
The searing ray hits the crimson imp.
The crimson imp is moderately wounded. (Press . to maintain the ray.)
* * * LOW HITPOINT WARNING * * *
Eustachio hits you with a +0 rapier!
You die...

=................
...####.<####.###
>.......####.#
.######......#
#.=.##### #...#
#...# #...# #.@.#
......5@§.....#
....>.)5.......
#.............#
..####...###### #
#.§.# #...# #...#


You could see Eustachio, a quasit (summoned) and a crimson imp (summoned).

Vanquished Creatures
  Terence (D:2)
  An adder (D:3)
  A worm (D:2)
  A dart slug (D:1)
  An orc (D:3)
  5 endoplasms
  3 giant cockroaches
  7 goblins
  5 hobgoblins
  10 jackals
  8 quokkas
  6 ball pythons
  7 bats
  4 frilled lizards
  7 kobolds
  11 rats
78 creatures vanquished.

Notes
Turn   | Place    | Note
-------+----------+-------------------------------------------
     0 | D:1      | Arzdou the Djinni Earth Elementalist began the quest for
                  | the Orb.
     0 | D:1      | Arzdou set off with the following spells memorised:
                  | Sandblast, Passwall, Stone Arrow, Petrify.
     0 | D:1      | Reached XP level 1. HP: 15/15 MP: 0/0
   117 | D:1      | Reached XP level 2. HP: 20/21 MP: 0/0
   401 | D:1      | Reached XP level 3. HP: 19/26 MP: 0/0
   401 | D:1      | Learned a level 1 spell: Freeze
   569 | D:1      | Found a faded altar of an unknown god.
   586 | D:1      | Reached skill level 1 in Fighting
  1273 | D:2      | Reached XP level 4. HP: 31/32 MP: 0/0
  1833 | D:2      | Noticed Terence
  1843 | D:2      | Killed Terence
  2189 | D:3      | Reached XP level 5. HP: 35/37 MP: 0/0
  2189 | D:3      | Learned a level 2 spell: Searing Ray
  2550 | D:4      | Noticed Eustachio
  2564 | D:4      | Slain by Eustachio

Illustrated notes

Levels and vault maps discovered:
D:1:      dpeg_arrival_boxorama, layout_basic,
          hellmonk_ecumenical_altar_run_dry, serial_aquarium,
          aquarium_bridge_square [aquarium_subvault_bridge,
          aquarium_subvault_wall, aquarium_subvault_bridge,
          aquarium_subvault_bridge], aquarium_bridge_square
          [aquarium_subvault_bridge, aquarium_subvault_bridge,
          aquarium_subvault_bridge, aquarium_subvault_wall],
          aquarium_window_corridor_3, aquarium_window_fake,
          aquarium_window_fake, aquarium_view_2f, minmay_misc_feat_room,
          minmay_strange_pillars
D:2:      layout_basic, serial_bayou, serial_bayou_pond_e, serial_bayou_shore_b,
          serial_bayou_pond_d, serial_bayou_pond_a, uniq_terence
D:3:      layout_rooms, wad_floor_pattern_2, minmay_misc_feat_plants
D:4:      layout_loops_cross, minmay_temple_entry_fiery, uniq_eustachio

Skill      XL: |  1  2  3  4 |
---------------+-------------+-----
Stealth        | 2 |  2.4
Fighting       | 1 |  1.7
Spellcasting   | 3 |  3.3
Dodging        | 3 |  3.1

Action                     |  1- 3 |  4- 6 || total
---------------------------+-------+-------++-------
  Melee: Dagger            |     2 |       ||     2
   Cast: Sandblast         |    59 |    57 ||   116
         Freeze            |       |     4 ||     4
         Stone Arrow       |       |     4 ||     4
         Searing Ray       |       |     1 ||     1
    Use: Scroll            |     1 |       ||     1
         Potion            |       |     1 ||     1
 Armour: Robe              |     4 |    10 ||    14
  Dodge: Dodged            |    17 |    35 ||    52

Table legend: (Time is in decaauts)
 A = Elapsed time spent in this place.
 B = Non-inter-level travel time spent in this place.
 C = Inter-level travel time spent in this place.
 D = Time resting spent in this place.
 E = Time spent auto-exploring this place.
 F = Levels seen in this place.
 G = Mean time per level.
                   A        B        C        D        E       F      G
               +--------+--------+--------+--------+--------+-----+--------+
         Total |   2620 |   2477 |    143 |      0 |   2058 |   4 |  655.0 |
       Dungeon |   2620 |   2477 |    143 |      0 |   2058 |   4 |  655.0 |
               +--------+--------+--------+--------+--------+-----+--------+

Top non-repeatable levels by time:
     D:1: 1251 daAuts
     D:2: 924 daAuts
     D:3: 414 daAuts
     D:4: 29 daAuts
